Map: Terraform LE (Void)

Players

Nina (Lillekanin) - Winner!

  • Race: Terran Terran
  • League: Diamond

Heofox

  • Race: Protoss Protoss
  • League: Silver

Event: Lycan League Weekly September #1

VOD

https://www.youtube.com/watch?v=_izq-F88TPg

Description

Time

  • Played on: Sept. 21, 2015, 12:18 p.m.
  • Length: 6:53
Show
View Real Time Build Order
Export as new Build Order

Nina Terran - Winner!

Build Orders:  

Get SALT Encoding   

  12  0:01  SCV  
  13  0:13  SCV  
  14  0:20  Supply Depot  
  14  0:25  SCV  
  15  0:42  SCV  
  16  0:43  Barracks  
  16  0:45  Refinery  
  16  0:54  SCV  
  17  1:06  SCV  
  18  1:18  SCV  
  19  1:31  Barracks Reactor, Orbital Command  
  19  1:51  Supply Depot  
  19  1:53  Bunker  
  19  1:58  SCV  
  20  2:08  Marine x2  
  20  2:10  Factory  
  20  2:11  Refinery  
  22  2:17  SCV  
  23  2:26  Marine x2  
  23  2:29  SCV  
  25  2:41  SCV  
  26  2:47  Command Center  
  26  2:49  Reaper  
  26  2:51  Reaper  
  28  2:53  SCV  
  28  2:54  Factory Tech Lab  
  29  3:06  SCV  
  29  3:08  Starport  
  30  3:18  Supply Depot  
  30  3:25  Mag-Field Accelerator  
  30  3:27  SCV  
  31  3:34  Bunker  
  31  3:40  SCV, Marine x2  
  34  3:50  Cyclone  
  34  3:52  SCV  
  38  3:57  Marine  
  39  4:04  SCV  
  39  4:06  Orbital Command  
  40  4:10  Medivac  
  40  4:11  Marine  
  43  4:22  SCV, Marine  
  45  4:28  Marine  
  46  4:34  SCV  
  47  4:41  Cyclone  
  50  4:50  SCV  
  50  4:52  Orbital Command  
  50  5:02  SCV  
  50  5:04  Marine  
  52  5:08  Marine  
  52  5:15  SCV  
  52  5:20  SCV, Cyclone  
  57  5:25  Marine  
  57  5:27  SCV  
  58  5:30  Starport Tech Lab  
  58  5:32  SCV  
  58  5:34  Refinery  
  58  5:35  Refinery  
  59  5:39  SCV, Marine  
  61  5:44  SCV  
  62  5:54  Command Center  
  62  5:55  Supply Depot  
  62  5:58  Supply Depot  
  62  6:16  Marine  
  62  6:17  SCV x2  
  67  6:25  Factory  
  67  6:26  Armory  
  67  6:29  SCV x2  
  69  6:41  SCV x2  
Show
View Real Time Build Order
Export as new Build Order

Heofox Protoss 

Build Orders:  

Get SALT Encoding   

  12  0:00  Probe (Chrono Boost)  
  13  0:10  Probe (Chrono Boost)  
  14  0:20  Probe (Chrono Boost)  
  15  0:50  Pylon  
  15  0:57  Assimilator  
  15  1:08  Probe (Chrono Boost)  
  15  1:10  Gateway  
  15  1:11  Gateway  
  16  1:18  Probe (Chrono Boost)  
  17  1:28  Probe (Chrono Boost)  
  17  1:32  Pylon  
  18  1:38  Probe (Chrono Boost)  
  19  1:47  Probe (Chrono Boost)  
  20  1:57  Probe (Chrono Boost), Zealot  
  20  1:58  Cybernetics Core  
  20  1:59  Zealot  
  25  2:07  Probe (Chrono Boost)  
  26  2:13  Pylon  
  30  2:34  Gateway, Warp Gate (Chrono Boost)  
  30  2:41  Adept x2  
  30  2:58  Nexus  
  30  3:13  Adept x2  
  34  3:26  Mothership Core  
  36  3:30  Pylon  
  36  3:34  Assimilator  
  36  3:40  Adept  
  38  3:48  Adept  
  36  4:24  Adept x2  
  36  4:26  Pylon  
  36  4:30  Probe  
  38  4:32  Probe  
  34  4:55  Pylon  
  29  5:02  Probe  
  29  5:04  Probe  
  19  5:29  Stalker x2  
  19  5:34  Probe  
  23  5:36  Probe  
  23  5:39  Pylon  
  23  5:41  Pylon  
  25  5:58  Probe  
  25  6:00  Probe  
  27  6:08  Probe  
  27  6:09  Gateway  
  27  6:10  Gateway  
  28  6:12  Probe  
  28  6:18  Probe  
  29  6:24  Probe  
  31  6:28  Probe  
  31  6:29  Pylon  
  32  6:36  Probe  
  32  6:38  Probe  

Tags
 
Add a new tag
Caveats
  • Supply blocks, unpowered buildings, or Contaminate may cause inaccurate times.
  • Supply counts are checked every 10 seconds.